AoeStats
← Kanyaga

Arabia

510364927Analyzed
1v1 RM · 1d ago on Sep 30, 2026· 35m 15s· 2 players
Game mode
Random Map
Map size
Tiny (2 player)
Population
200
Speed
Normal
Resources
Standard
Victory
Conquest
Starting age
Dark Age
Ending age
Imperial Age
RankedLock teamsTeams togetherTeam positionsShared explorationLock speedFull tech treeHidden civsTurbo modeCheats
Victory
Defeat
🇦🇷 Chinese · Argentina
1590
+17
🇹🇷 Hindustanis · Türkiye
1604
-17
hayha
0:26 Loom
9:03 Feudal Age
15:28 Fletching
16:34 Padded Archer Armor
23:13 Castle Age
21:42 Gold Mining
21:35 Horse Collar
23:10 Wheelbarrow
23:21 Crossbowman
24:46 Double-Bit Axe
25:11 Bodkin Arrow
25:17 Padded Archer Armor
28:45 Leather Archer Armor
31:50 Ballistics
38:18 Imperial Age
36:04 Hand Cart
Kanyaga
8:01 Loom
13:35 Feudal Age
14:15 Double-Bit Axe
14:11 Horse Collar
16:24 Fletching
17:18 Padded Archer Armor
25:19 Castle Age
24:41 Gold Mining
25:55 Bodkin Arrow
25:25 Elite Skirmisher
26:46 Thumb Ring
27:21 Scale Barding Armor
27:33 Leather Archer Armor
28:05 Bloodlines
Connection lost

Rejoining the realm…

Still unreachable

The connection could not be restored.

Session expired

The server has moved on; the page needs a fresh start.